 Dungeon Crawl Stone Soup version 0.16.0-18-g484a79e (webtiles) character file.

399 HungrySpirit the Sneak (level 6, -4/69 HPs)
             Began as a Vampire Artificer on Mar 22, 2015.
             Slain by Alteisentier's ghost (8 damage)
             ... on level 4 of the Dungeon.
             The game lasted 00:12:58 (4139 turns).

HungrySpirit the Sneak (Vampire Artificer)          Turns: 4139, Time: 00:13:00

Health: -4/69      AC:  7    Str: 15    XL:     6   Next: 53%
Magic:  8/8        EV: 14    Int: 14    God:
Gold:   180        SH:  0    Dex: 16    Spells: 0 memorised, 5 levels left

rFire  + . .     SeeInvis +     u - +9 spear "Cly Chiy" {pierce, *Rage rElec rF+}
rCold  + . .     Rnd*Rage +     e - +0 leather armour
rNeg   . . .     SustAb   .     (no shield)
rPois  .         Gourm    .     (no helmet)
rElec  +         Spirit   .     (no cloak)
rCorr  .         Warding  .     n - +1 pair of gloves
rMut   .         Stasis   .     h - +0 pair of boots
MR     .....                    (no amulet)
Stlth  ..........               l - +1 ring of protection
                                v - ring of protection from cold

@: berserking, regenerating quickly, very quick, not resistant to hostile
enchantments, extremely unstealthy
A: bottle blood, fangs 3, see invisible, unbreathing
a: no special abilities


You were on level 4 of the Dungeon.
You were full.

You visited 1 branch of the dungeon, and saw 4 of its levels.

You collected 180 gold pieces.

Inventory:

Hand weapons
 u - the +9 spear "Cly Chiy" (weapon) {pierce, *Rage rElec rF+}
   (You found it on level 4 of the Dungeon)

   It inflicts extra damage upon your enemies.
   It protects you from fire.
   It insulates you from electricity.
   It may make you go berserk in combat.
 w - a +0 falchion
Armour
 e - a +0 leather armour (worn)
 h - a +0 pair of boots (worn)
 n - a +1 pair of gloves (worn)
Jewellery
 l - a +1 ring of protection (right hand)
 v - a ring of protection from cold (left hand)
Magical devices
 b - a wand of flame (18)
 c - a wand of enslavement (11)
 d - a wand of random effects (9)
Scrolls
 a - 2 scrolls of identify
 k - a scroll of enchant armour
 s - a scroll of teleportation
 t - a scroll of remove curse
Potions
 f - a potion of curing {unknown}
 g - a potion of flight
 i - 2 potions of heal wounds
 j - 2 potions of restore abilities {unknown}
 p - 2 potions of brilliance {unknown}
 r - a potion of degeneration {unknown}
 x - a potion of beneficial mutation {unknown}


   Skills:
 + Level 2.6 Fighting
   Level 4.3 Short Blades
 * Level 1.0 Polearms
 + Level 3.9 Dodging
 + Level 5.1 Stealth
 - Level 2.6 Evocations


You had 5 spell levels left.
You didn't know any spells.

Dungeon Overview and Level Annotations

Branches:
Dungeon (4/15)
 Temple: D:4-7

Altars:
Ashenzari
Makhleb
Sif Muna

Annotations:
D:4 Alteisentier's ghost, experienced FoFi


Innate Abilities, Weirdness & Mutations

Your natural rate of healing is unusually fast.
You can bottle blood from corpses.
You have razor-sharp teeth.
You have supernaturally acute eyesight.
You can survive without breathing.


Message History

You puncture Alteisentier's ghost!
Alteisentier's ghost is severely damaged.
The scorpion misses you. Alteisentier's ghost hits you.
* * * LOW HITPOINT WARNING * * *
The scorpion barely misses you.
You hit Alteisentier's ghost.
Alteisentier's ghost is almost destroyed.
Alteisentier's ghost closely misses you.
The scorpion misses you.
You barely miss Alteisentier's ghost. Your bite misses Alteisentier's ghost.
Alteisentier's ghost is almost destroyed.
Alteisentier's ghost closely misses you.
The scorpion barely misses you.
A red film seems to cover your vision as you go berserk!
You feel yourself moving faster!
You feel mighty!
You hit Alteisentier's ghost.
Alteisentier's ghost is almost destroyed.
Alteisentier's ghost hits you.
* * * LOW HITPOINT WARNING * * *
The scorpion barely misses you. Alteisentier's ghost hits you!
You die...

##..# ######## ####.......# #...#
##...##.####..........##
....#####.#.####...............##
.....##..##.## ##...............#
.......####..###.................
......## #..##..................
......# #..#...................
...#..# #......................
..###.#####....W@................
.####....##....s.................
.# #....%##......................
####.............................
.......#.........................
......###........................
####...###.......................
##...#......####..............
#...........................#


You could see a scorpion and Alteisentier's ghost.

Vanquished Creatures
  The ghost of Elizilla the Ruffian, an average VSMo (D:3)
  A crimson imp (D:3)
  A centaur skeleton (D:4)
  A giant frog skeleton (D:4)
  A worker ant (D:4)
  Ijyb (D:3)
  10 adders
  2 gnolls (D:2)
  3 worms
  3 giant geckos
  An ooze (D:3)
  An orc (D:4)
  A ball python (D:1)
  A bat skeleton (D:4)
  9 giant cockroaches
  7 goblins
  6 hobgoblins
  11 kobolds
  2 quokkas
  8 bats
  3 giant newts
  A quokka skeleton (D:4)
  4 rats
79 creatures vanquished.

Vanquished Creatures (collateral kills)
  A hobgoblin (D:2)
  A rat (D:2)
2 creatures vanquished.

Vanquished Creatures (others)
  2 gnolls (D:2)
2 creatures vanquished.

Grand Total: 83 creatures vanquished

Notes
Turn   | Place    | Note
--------------------------------------------------------------
     0 | D:1      | HungrySpirit, the Vampire Artificer, began the quest for the Orb.
     0 | D:1      | Reached XP level 1. HP: 14/14 MP: 1/1
    55 | D:1      | Reached skill level 1 in Fighting
   294 | D:1      | Reached XP level 2. HP: 21/21 MP: 2/2
   933 | D:2      | Reached XP level 3. HP: 18/26 MP: 4/4
  1203 | D:2      | Reached skill level 3 in Stealth
  1440 | D:2      | Reached XP level 4. HP: 28/32 MP: 5/5
  1846 | D:3      | Found a shattered altar of Ashenzari.
  1968 | D:3      | Noticed Elizilla's ghost (average VSMo)
  2044 | D:2      | Reached skill level 4 in Stealth
  2044 | D:2      | Reached XP level 5. HP: 9/38 MP: 7/7
  2271 | D:3      | Noticed Ijyb
  2304 | D:3      | Killed Ijyb
  2338 | D:3      | Killed Elizilla's ghost
  2724 | D:3      | Found a burning altar of Makhleb.
  2772 | D:3      | Reached XP level 6. HP: 40/44 MP: 8/8
  3091 | D:4      | Noticed Alteisentier's ghost (experienced FoFi)
  3094 | D:4      | Found a deep blue altar of Sif Muna.
  3173 | D:4      | Got a polished spear
  3186 | D:3      | Identified the +9 spear "Cly Chiy" {pierce, *Rage rElec rF+} (You found it on level 4 of the Dungeon)
  3867 | D:4      | Reached skill level 5 in Stealth
  3996 | D:4      | Reached skill level 1 in Polearms
  4139 | D:4      | Slain by Alteisentier's ghost

Action                   |  1- 3 |  4- 6 || total
-------------------------+-------+-------++-------
Melee: Short sword       |   141 |   237 ||   378
       Spear             |       |    40 ||    40
Evoke: Wand              |    12 |    23 ||    35
  Use: Scroll            |     5 |     7 ||    12
       Potion            |     1 |     2 ||     3
 Stab: Sleeping          |     3 |     3 ||     6
       Distracted        |       |     1 ||     1
  Eat: Corpse            |    11 |    12 ||    23
